 Dungeon Crawl Stone Soup version 0.16.1-11-g651b585 (webtiles) character file.

51 maniek23 the Insei (level 3, 0/18 HPs)
             Began as a Vine Stalker Transmuter on Apr 3, 2015.
             Succumbed to an adder's poison
             ... on level 2 of the Dungeon.
             The game lasted 00:02:11 (1067 turns).

maniek23 the Insei (Vine Stalker Transmuter)        Turns: 1067, Time: 00:02:11

Health: 0/18       AC:  4    Str: 13    XL:     3   Next: 83%
Magic:  6/7        EV: 12    Int: 13    God:
Gold:   114        SH:  0    Dex: 14    Spells: 2 memorised, 4 levels left

rFire  . . .     SeeInvis .       - Unarmed
rCold  . . .     Clarity  .     c - +0 robe
rNeg   . . .     SustAb   .     (no shield)
rPois  .         Gourm    .     (no helmet)
rElec  .         Spirit   +     (no cloak)
rCorr  .         Warding  .     e - +1 pair of gloves
rMut   .         Stasis   .     (no boots)
MR     .....                    (no amulet)
Stlth  +.........               (no ring)
                                (no ring)

@: lethally poisoned (0 -> -1), not resistant to hostile enchantments, very
unstealthy
A: fangs 2, regeneration 1, magic shield, antimagic bite, no device heal 3, rot
immunity
a: no special abilities


You were on level 2 of the Dungeon.
You were not hungry.

You visited 1 branch of the dungeon, and saw 2 of its levels.

You collected 114 gold pieces.

Inventory:

Missiles
 b - 12 arrows
Armour
 c - a +0 robe (worn)
 e - a +1 pair of gloves (worn)
 g - a +0 leather armour
Scrolls
 h - 2 scrolls of teleportation {unknown}
 i - 2 scrolls of amnesia {unknown}
 k - a scroll of noise {unknown}
 l - a scroll of immolation {unknown}
 m - 2 scrolls of enchant armour {unknown}
Books
 d - a book of Changes

   Spells                             Type                      Level
   a - Beastly Appendage              Transmutation                1
   b - Sticks to Snakes               Transmutation                2
   c - Spider Form                    Transmutation/Poison         3
   d - Ice Form                       Ice/Transmutation            4
   e - Blade Hands                    Transmutation                5
Comestibles
 a - 2 bread rations
 j - a meat ration


   Skills:
 + Level 1.1 Fighting
 + Level 2.0 Dodging
 * Level 3.6 Unarmed Combat
 + Level 2.8 Spellcasting
 * Level 2.2 Transmutations


You had 4 spell levels left.
You knew the following spells:

 Your Spells              Type           Power        Failure   Level  Hunger
a - Beastly Appendage     Trmt           #.....       12%         1    #......
b - Sticks to Snakes      Trmt           #.........   17%         2    ###....


Dungeon Overview and Level Annotations

Branches:
Dungeon (2/15)

Altars:


Innate Abilities, Weirdness & Mutations

You have extremely sharp teeth.
Your natural rate of healing is unusually fast.
When hurt, damage is shared between your health and your magic reserves.
Your bite disrupts and absorbs the magic of your enemies.
Potions and wands cannot restore your health.
You are immune to rotting.


Message History

You butcher the bat corpse.
You butcher the adder corpse.
* * * LOW HITPOINT WARNING * * *
You feel sick.
Things that are here:
a chunk of flesh; a bat skeleton; a chunk of flesh
There is a lethal amount of poison in your body!
There is a lethal amount of poison in your body!
There is a lethal amount of poison in your body!
There is a lethal amount of poison in your body!
There is a lethal amount of poison in your body!
You aren't carrying any potions.
You aren't carrying any potions.
* * * LOW HITPOINT WARNING * * *
You feel sick.
Things that are here:
a chunk of flesh; a bat skeleton; a chunk of flesh Eat a chunk of flesh? (ye/n/q/i?) This raw flesh tastes terrible.
You die...

### #<# #.# #.#
#### #.# ...#
#.# #### ## #..
#.# .....
##..##.###.#####
......
#.......@......#
.......
#..##...######.#
........ ##..#
#.# ........
#..# #.#
........ #..#
#.# ........#
#.## #.#
......... .. #.#
......... .# #.#
.......... ##
#.#


There were no monsters in sight!

Vanquished Creatures
  2 adders (D:2)
  2 worms (D:2)
  2 giant geckos (D:1)
  5 bats
  A giant cockroach (D:2)
  2 goblins (D:1)
  A hobgoblin (D:1)
  2 kobolds (D:1)
  A giant newt (D:1)
  4 rats (D:1)
22 creatures vanquished.

Notes
Turn   | Place    | Note
--------------------------------------------------------------
     0 | D:1      | maniek23, the Vine Stalker Transmuter, began the quest for the Orb.
     0 | D:1      | Reached XP level 1. HP: 9/9 MP: 3/3
   124 | D:1      | Reached XP level 2. HP: 10/14 MP: 6/6
   140 | D:1      | Learned a level 2 spell: Sticks to Snakes
   466 | D:1      | Reached skill level 1 in Fighting
   694 | D:1      | You fall through a shaft!
   700 | D:2      | Reached XP level 3. HP: 14/18 MP: 5/7
  1067 | D:2      | Succumbed to an adder's poison

Action                   || total
-------------------------++-------
Melee: Unarmed           ||    74
 Cast: Beastly Appendage ||     5
  Eat: Chunk             ||     1
